 Dungeon Crawl Stone Soup version bcrawl-1.31.4 (webtiles) character file.

Game seed: 581926395567837468

121646 Morbidden the Gusty (level 4, -3/35 HPs)
             Began as a Draconian Air Elementalist on June 10, 2021.
             Killed by divine providence
             ... invoked by an orc priest
              (10 damage)
             ... on level 3 of the Dungeon.
             The game lasted 00:02:24 (2009 turns).

Morbidden the Gusty (Draconian Air Elementalist)    Turns: 2009, Time: 00:02:25

Health: -3/35      AC:  6    Str: 11    XL:     4   Next: 22%
Magic:  0/7        EV: 17    Int: 16    God:
Gold:   153        SH:  0    Dex: 16    Spells: 3/7 levels left

rFire    . . .     SeeInvis .   a - +2 dagger (flame)
rCold    + . .     Gourm    .   (no shield)
rNeg     . . .     Faith    .   (armour unavailable)
rPois    .         Spirit   .   (helmet restricted)
rElec    .         Reflect  .   g - +0 cloak (curse)
rCorr    .         Harm     .   (no gloves)
MR       .....                  (no boots)
Stlth    +++.......             (no amulet)
HPRegen  0.11/turn              f - ring of protection from cold
MPRegen  0.10/turn              (no ring)

@: agile
A: unfitting armour, cold-blooded, AC +5
a: no special abilities


You were on level 3 of the Dungeon.
You were hungry.

You visited 1 branch of the dungeon, and saw 3 of its levels.

You collected 153 gold pieces.

Inventory:

Hand Weapons
 a - a +2 dagger of flaming (weapon)
Armour
 g - a cursed +0 cloak (worn)
Jewellery
 f - a ring of protection from cold (left hand)
Scrolls
 d - a scroll of fog {unknown}
 h - a scroll of enchant armour {unknown}
 i - 2 scrolls of identify
Potions
 b - a potion of flight
 k - 2 potions of agility
Comestibles
 e - 3 rations {!d}


   Skills:
 * Level 1.2 Fighting
 + Level 2.0 Dodging
 + Level 2.3 Stealth
 + Level 0.2 Unarmed Combat
 * Level 2.4 Spellcasting
 + Level 1.2 Conjurations
 * Level 4.0 Air Magic


You had 3 spell levels left.
You knew the following spells:

 Your Spells              Type           Power        Failure   Level  Hunger
a - Shock                 Conj/Air       ##...        7%          1    None
b - Static Discharge      Air            ###.....     11%         3    ####...

Your spell library contained the following spells:

 Spells                   Type           Power        Failure   Level  Hunger
 Swiftness                Chrm/Air       #.......     13%         2    ##.....
 Airstrike                Air            ###.......   36%         4    ######.
 Lightning Bolt           Conj/Air       ##........   88%         5    #######


Dungeon Overview and Level Annotations

Branches:
Dungeon (3/12)

Altars:


Innate Abilities, Weirdness & Mutations

Your plain brown scales are hard. (AC +5)
You cannot fit into any form of body armour.
You are cold-blooded and may be slowed by cold attacks.


Message History

You aren't carrying any items that you can evoke.
Unknown command.
You aren't carrying any items that you can evoke.
Unknown command.
You closely miss the orc priest.
Your tail-slap misses the orc priest.
The orc priest is lightly wounded.
The orc wizard barely misses you.
Unknown command.
You hit the orc priest. You burn the orc priest. You tail-slap the orc priest.
The orc priest is heavily wounded.
The orc wizard misses you. The orc priest barely misses you.
Unknown command.
You hit the orc priest but do no damage.
You tail-slap the orc priest.
The orc priest is almost dead.
The orc wizard casts a spell at you. The puff of frost misses you.
The orc priest calls down the wrath of Beogh upon you.
Beogh smites you!
You die...

#.. ..# ...
..# .. #.#
#.##)# #..#.#
#####.#.######
.......oo....+
#.@# # #..#.#
##.#.#
#######.#.#
..........#
..........#
#######.#.#
#.....#.#
#.###...#


You could see an orc priest and an orc wizard.

Vanquished Creatures
  An adder (D:3)
  3 oozes
  2 worms (D:2)
  3 dart slugs
  2 leopard geckos
  An orc (D:3)
  A giant cockroach (D:1)
  5 goblins
  5 hobgoblins
  5 jackals (D:2)
  5 bats
  5 frilled lizards
  5 kobolds
  4 rats
47 creatures vanquished.

Notes
Turn   | Place    | Note
-------+----------+-------------------------------------------
     0 | D:1      | Morbidden the Draconian Air Elementalist began the quest
                  | for the Orb.
     0 | D:1      | Reached XP level 1. HP: 14/14 MP: 3/3
   199 | D:1      | Reached XP level 2. HP: 20/20 MP: 3/5
   881 | D:1      | Reached XP level 3. HP: 22/26 MP: 6/6
   885 | D:1      | Learned a level 3 spell: Static Discharge
  1613 | D:2      | Reached skill level 1 in Fighting
  1765 | D:2      | Reached skill level 4 in Air Magic
  1885 | D:3      | Reached XP level 4. HP: 33/35 MP: 1/7
  2009 | D:3      | Killed from afar by an orc priest

Skill      XL: |  1  2  3 |
---------------+----------+-----
Dodging        | 2 |  2.0
Fighting       | 1 |  1.2
Air Magic      | 4 |  4.0
Stealth        | |  2.3
Unarmed Combat | |  0.2
Spellcasting   | |  2.4
Conjurations   | |  1.2

Action                   |  1- 3 |  4- 6 || total
-------------------------+-------+-------++-------
Melee: Unarmed           |    19 |       ||    19
       Tailslap          |     4 |     2 ||     6
       Dagger            |    68 |     8 ||    76
 Cast: Shock             |    38 |     9 ||    47
       Static Discharge  |     6 |     1 ||     7
  Use: Potion            |       |     2 ||     2
 Stab: Sleeping          |     2 |       ||     2
  Eat: Chunk             |     7 |       ||     7
Armor: Skin              |    21 |       ||    21
Dodge: Dodged            |    68 |    11 ||    79
